 Dungeon Crawl Stone Soup version 0.29.1 (webtiles) character file.

Game seed: 3335328610625668124

478 EvilAshe the Slasher (level 7, 0/52 HPs)
             Began as a Human Fighter on Sept 12, 2022.
             Slain by an iguana (8 damage)
             ... on level 5 of the Dungeon.
             The game lasted 00:11:19 (5762 turns).

EvilAshe the Slasher (Human Fighter)                Turns: 5762, Time: 00:11:20

Health: 0/52       AC:  7    Str: 19    XL:     7   Next: 33%
Magic:  7/7        EV:  9    Int:  8    God:
Gold:   298        SH:  5    Dex: 12    Spells: 6/6 levels left

rFire   . . .      SeeInvis .   a - +0 long sword
rCold   + . .      Faith    .   c - +0 buckler
rNeg    . . .      Spirit   .   b - +0 scale mail
rPois   .          Reflect  .   r - +0 helmet
rElec   .          Harm     .   (no cloak)
rCorr   .          Rampage  .   (no gloves)
Will    .....                   (no boots)
Stlth   ..........              (no amulet)
HPRegen 0.17/turn               z - ring of protection from cold
MPRegen 0.10/turn               (no ring)

@: lethally poisoned (0 -> -6)
A: no striking features
a: no special abilities


You were on level 5 of the Dungeon.
You visited 1 branch of the dungeon, and saw 5 of its levels.

You collected 298 gold pieces.

Inventory:

Hand Weapons
 a - a +0 long sword (weapon)
Armour
 b - a +0 scale mail (worn)
 c - a +0 buckler (worn)
 r - a +0 helmet (worn)
Jewellery
 o - a ring of fire
 z - a ring of protection from cold (left hand)
 A - an amulet of faith
Wands
 h - a wand of polymorph (12)
 p - a wand of roots (11)
Scrolls
 f - 2 scrolls of teleportation
 n - a scroll of poison {unknown}
 q - a scroll of vulnerability {unknown}
 s - 4 scrolls of fog
 t - a scroll of summoning {unknown}
 u - a scroll of immolation {unknown}
 v - 2 scrolls of noise {unknown}
 w - a scroll of identify
 y - a scroll of enchant weapon {unknown}
Potions
 d - a potion of ambrosia
 e - a potion of heal wounds
 g - a potion of attraction {unknown}
 i - 3 potions of curing
 j - a potion of brilliance {unknown}
 k - a potion of lignification {unknown}
 l - 2 potions of invisibility
 m - a potion of haste {unknown}


   Skills:
 - Level 3.0 Fighting
 * Level 6.3 Long Blades
 - Level 3.0 Armour
 - Level 5.0 Shields


You had 6 spell levels left.
You didn't know any spells.
Your spell library contained the following spells:

 Spells                   Type           Power      Damage    Failure   Level
 Beastly Appendage        Tmut           0%         N/A       86%         1
 Wereblood                Tmut           0%         N/A       94%         2
 Ozocubu's Armour         Ice            0%         N/A       99%         3
 Portal Projectile        Hex/Tloc       0%         N/A       99%         3
 Spider Form              Tmut/Pois      0%         N/A       99%         3
 Tukima's Dance           Hex            0%         N/A       99%         3
 Fulminant Prism          Conj/Hex       0%         3d6       100%        4
 Iskenderun's Mystic Bla  Conj/Tloc      0%         2d3       100%        4
 Blade Hands              Tmut           0%         N/A       100%        5
 Lee's Rapid Deconstruct  Erth           0%         3d5*      100%        5
 Metabolic Englaciation   Hex/Ice        0%         N/A       100%        5
 Simulacrum               Ice/Necr       0%         N/A       100%        6


Dungeon Overview and Level Annotations

Branches:
Dungeon (5/15)
 Temple: D:4-7

Altars:
Ashenzari
Sif Muna
Uskayaw

Annotations:
D:5 Dowan, Duvessa, Eustachio


Message History

Level annotation: Dowan, Duvessa, Eustachio The iguana attacks as you move away!
You block the iguana's attack. The iguana attacks as you move away!
The iguana barely misses you.
The orc zaps a wand.
The roots erupt in riotous growth!
The iguana is unaffected.
The grasping roots grab you! The grasping roots constrict you.
You escape the roots grasp.
You closely miss the iguana. The iguana bites you!
You barely miss the iguana. The iguana barely misses you.
The water moccasin attacks as you move away!
The water moccasin barely misses you. The iguana attacks as you move away!
You block the iguana's attack.
The orc wizard shouts!
The orc zaps a wand.
The roots erupt in riotous growth!
The grasping roots grab you!
The iguana is unaffected.
The grasping roots constrict you.
The orc wizard points at you and mumbles some strange words.
The magic dart hits you!
You escape the roots grasp.
The water moccasin attacks as you move away!
The water moccasin bites you.
You are poisoned.
The water moccasin poisons you! The iguana attacks as you move away!
The iguana bites you!
You feel very sick.
You feel sick.
The orc zaps a wand.
The roots erupt in riotous growth!
The grasping roots grab you!
The iguana is unaffected.
The grasping roots constrict you.
* * * LOW HITPOINT WARNING * * *
The orc wizard gestures wildly while chanting.
The orc wizard flickers and vanishes!
Deactivating autopickup; reactivate with Ctrl-A.
You hear a shout!
You escape the roots grasp.
The iguana attacks as you move away! The iguana barely misses you.
* * * LOW HITPOINT WARNING * * *
You feel sick. The iguana attacks as you move away! The iguana bites you!
You die...

######## #......#
#.##...##
####.#.._..#
##....#.....#
#.....#######
#......Sl@.#
##..##..o########
##..##...###....#
#...............#
#..............##
#...............#
#...............#
#...............#
#...............#


You could see a water moccasin, an iguana and an orc.

Vanquished Creatures
  A scorpion (D:4)
  A jelly (D:5)
  A hound (D:4)
  Ijyb (D:4)
  5 iguanas
  Jessica (D:2)
  Robin (D:1)
  7 adders
  An ufetubus (D:4)
  2 worms (D:2)
  A dart slug (D:3)
  5 orcs
  6 endoplasms
  A giant cockroach (D:3)
  16 goblins
  6 hobgoblins
  5 quokkas
  6 ball pythons
  11 bats
  6 frilled lizards
  4 kobolds
  3 rats (D:1)
91 creatures vanquished.

Vanquished Creatures (others)
  4 fungi (D:4)
4 creatures vanquished.

Grand Total: 95 creatures vanquished

Notes
Turn   | Place    | Note
-------+----------+-------------------------------------------
     0 | D:1      | EvilAshe the Human Fighter began the quest for the Orb.
     0 | D:1      | Reached XP level 1. HP: 18/18 MP: 1/1
   272 | D:1      | Reached XP level 2. HP: 18/24 MP: 2/2
   479 | D:1      | Found a faded altar of an unknown god.
   691 | D:2      | Found a broken altar of Ashenzari.
   695 | D:2      | Identified the +5 whip of Invincibility {speed, Fragile
                  | rPois rN+ SInv}
   750 | D:1      | Reached XP level 3. HP: 24/29 MP: 3/3
   897 | D:2      | Reached skill level 3 in Long Blades
  1190 | D:2      | Noticed Jessica
  1275 | D:2      | Killed Jessica
  1276 | D:2      | Reached XP level 4. HP: 23/35 MP: 4/4
  1386 | D:2      | You fall into a shaft and drop 1 floor!
  1677 | D:3      | Reached skill level 4 in Long Blades
  1677 | D:3      | Reached XP level 5. HP: 36/41 MP: 5/5
  2073 | D:2      | Noticed Robin
  2205 | D:1      | Killed Robin
  2882 | D:4      | Reached XP level 6. HP: 47/47 MP: 6/6
  2916 | D:3      | Found a shimmering blue altar of Sif Muna.
  3338 | D:4      | Reached skill level 5 in Long Blades
  3539 | D:4      | Noticed Ijyb
  3551 | D:4      | Killed Ijyb
  3809 | D:4      | Reached XP level 7. HP: 44/52 MP: 7/7
  4548 | D:5      | Entered Level 5 of the Dungeon
  4548 | D:5      | Noticed Duvessa
  4548 | D:5      | Noticed Dowan
  4874 | D:5      | Found a hide-covered altar of Uskayaw.
  4989 | D:5      | Reached skill level 6 in Long Blades
  4989 | D:5      | Noticed Eustachio
  4996 | D:5      | Noticed Eustachio
  4996 | D:5      | Eustachio changed into Eustachio the boggart
  5249 | D:4      | Reached skill level 5 in Shields
  5655 | D:5      | Noticed a water moccasin
  5762 | D:5      | Slain by an iguana

Illustrated notes

Levels and vault maps discovered:
D:1:      enne_arrival_octagon_isle, layout_basic,
          shapermc_ecumenical_altar_ellora, minmay_hexomino_u4
D:2:      kennysheep_big_flooded_room, layout_loops_cross, basic_altar,
          uniq_jessica, uniq_robin
D:3:      layout_basic, lemuel_coloured_pillars_altar
D:4:      old_forge, layout_loops_cross, minivault_24, st_stairs_13, uniq_ijyb
D:5:      layout_gridville, gammafunk_temple_overflow_elements,
          mainiacjoe_overflow_alcove_1, kennysheep_mini_moat,
          guppyfry_shop_venom, uniq_eustachio, uniq_duvessa

Skill      XL: |  1  2  3  4  5  6  7 |
---------------+----------------------+-----
Long Blades    | 3 4 5 6 |  6.3
Shields        | 4 5 |  5.0
Fighting       | |  3.0
Armour         | |  3.0

Action                   |  1- 3 |  4- 6 |  7- 9 || total
-------------------------+-------+-------+-------++-------
Melee: Long sword        |   101 |   157 |    72 ||   330
       Unarmed           |       |     6 |       ||     6
Throw: Stone             |       |       |    13 ||    13
Evoke: Wand              |       |     1 |     1 ||     2
  Use: Potion            |       |     1 |       ||     1
       Scroll            |       |     6 |     1 ||     7
 Stab: Confused          |       |     1 |       ||     1
Armor: Scale mail        |    54 |    73 |    25 ||   152
Dodge: Dodged            |    27 |    71 |    43 ||   141
Block: Buckler           |    27 |    40 |    18 ||    85
